 Dungeon Crawl Stone Soup version 0.32-a0-411-g744942f433 (webtiles) character file.

Game seed: 5701125527428135809

616 retardedninja the Shield-Bearer (level 7, -2/56 (61) HPs)
             Began as a Mountain Dwarf Fighter on Feb 20, 2024.
             Slain by a wight
             ... wielding a +3 scimitar of freezing
              (4 damage)
             ... on level 6 of the Dungeon.
             The game lasted 00:05:54 (2183 turns).

retardedninja the Shield-Bearer (MDFi)              Turns: 2183, Time: 00:05:54

HP:   -2/56 (61)    AC:  7    Str: 21    XL:     7   Next: 21%
MP:   7/7           EV:  9    Int:  8    God:
Gold: 106           SH:  4    Dex:  9    Spells: 6/6 levels left

rFire   . . .        a - +0 war axe
rCold   . . .        c - +0 buckler
rNeg    . . .        b - +0 scale mail
rPois   .            (no helmet)
rElec   .            (no cloak)
rCorr   .            (no gloves)
SInv    .            (no boots)
Will    .....        (no amulet) Stlth
                     (no ring)
HPRegen 0.29/turn    (no ring)
MPRegen 0.10/turn

%: no passive effects
@: mighty, drained
A: runic magic, artefact enchanting
a: no special abilities


You were on level 6 of the Dungeon.
You visited 1 branch of the dungeon, and saw 4 of its levels.

You collected 106 gold pieces.

Inventory:

Hand Weapons
 a - a +0 war axe (weapon)
Armour
 b - a +0 scale mail (worn)
 c - a +0 buckler (worn)
Jewellery
 j - a ring of willpower
 m - an amulet of regeneration
Scrolls
 f - 3 scrolls of identify
 g - a scroll of revelation
Potions
 e - a potion of attraction
 h - a potion of mutation {unknown}
 l - a potion of brilliance {unknown}


   Skills:
 + Level 5.3 Fighting
 + Level 5.2 Axes
 + Level 5.3 Armour
 + Level 5.4 Shields


You had 6 spell levels left.
You didn't know any spells.
Your spell library contained the following spells:

 Spells                   Type           Power      Damage    Failure   Level
 Summon Forest            Summ/Tloc      0%         N/A       100%        5
 Eringya's Noxious Bog    Alch           0%         4d6       100%        6
 Summon Hydra             Summ           0%         N/A       100%        7


Dungeon Overview and Level Annotations

Branches:
Dungeon (3/15)

Altars:
Trog


Innate Abilities, Weirdness & Mutations

Your spellcasting is much less encumbered by armour.
You can use scrolls of enchantment on lesser artefacts.


Message History

* * * LOW HITPOINT WARNING * * *
You feel drained.
* * * LOW HITPOINT WARNING * * *
The wight barely misses you.
You feel better. The wight closely misses you.
The wight attacks as it pursues you! The wight hits you but does no damage.
You hit the wight.
The wight is moderately damaged.
The wight hits you but does no damage.
You slash the wight!
The wight is almost destroyed.
The wight barely misses you.
You slash the wight!
You destroy the wight!
You hit the wight. You block the wight's attack. The wight misses you.
Your life force feels restored.
You closely miss the wight.
The wight is lightly damaged.
The wight barely misses you.
You barely miss the wight.
The wight is lightly damaged.
The wight hits you with a +0 hand axe.
* * * LOW HITPOINT WARNING * * *
You barely miss the wight.
The wight is lightly damaged.
The wight hits you with a +0 hand axe.
* * * LOW HITPOINT WARNING * * *
You feel drained.
You feel better. The wight hits you with a +0 hand axe!
You feel drained.
You feel very mighty all of a sudden.
The wight hits you with a +3 scimitar of freezing.
* * * LOW HITPOINT WARNING * * *
The wight freezes you.
* * * LOW HITPOINT WARNING * * *
The wight barely misses you.
You closely miss the wight. You slash the wight!
The wight hits you with a +3 scimitar of freezing!
* * * LOW HITPOINT WARNING * * *
You feel drained.
You die...

#..........# #..........#
#..........# #......)...#
##........## ##........##
**####**#..........#######
**,.....*#................##
******,,......#z@........#####...
...............z.........# #....
#####$.......####################
#####......$.....................
...............#(.#..#..#..#..#))
#####..z.......z.......=!.....).)
######.........#.$#..#..#..#..#.)
##...#o.......o..o..o............
##...........####################


You could see 2 wights.

Vanquished Creatures
  Sigmund (D:2)
  A black bear (D:6)
  A bullfrog (D:6)
  3 wights (D:6)
  A hound (D:6)
  A shadow imp (D:6)
  2 dart slugs (D:1)
  A ribbon worm (D:2)
  8 orcs
  A ball python (D:1)
  7 bats
  5 endoplasms
  2 giant cockroaches
  4 goblins
  2 hobgoblins (D:2)
  3 jackals
  7 kobolds
  A frilled lizard (D:1)
  A rat (D:3)
52 creatures vanquished.

Notes
Turn   | Place    | Note
-------+----------+-------------------------------------------
     0 | D:1      | retardedninja the Mountain Dwarf Fighter began the quest
                  | for the Orb.
     0 | D:1      | Reached XP level 1. HP: 19/19 MP: 1/1
   197 | D:1      | Reached XP level 2. HP: 26/26 MP: 2/2
   485 | D:1      | Reached XP level 3. HP: 33/33 MP: 3/3
   861 | D:2      | Noticed Sigmund
   885 | D:2      | Killed Sigmund
   886 | D:2      | Reached XP level 4. HP: 15/41 MP: 4/4
   886 | D:2      | Reached XP level 5. HP: 17/47 MP: 5/5
  1850 | D:3      | Identified the +8 dagger of Leifin {holy, rPois rF+}
  1882 | D:3      | Found a bloodstained altar of Trog.
  1960 | D:3      | You fall into a shaft and drop 3 floors!
  1969 | D:6      | Noticed a sky beast
  1990 | D:6      | Reached XP level 6. HP: 27/53 MP: 6/6
  1994 | D:6      | Reached skill level 5 in Shields
  1995 | D:6      | Reached skill level 5 in Armour
  2112 | D:6      | Reached skill level 5 in Fighting
  2112 | D:6      | Reached skill level 5 in Axes
  2172 | D:6      | Reached XP level 7. HP: 22/61 MP: 7/7
  2183 | D:6      | HP: 2/58 [wight/+3 scimitar of freezing (11)]
  2183 | D:6      | Slain by a wight

Illustrated notes

Levels and vault maps discovered:
D:1:      minmay_arrival_doors, layout_basic, grunt_decor_junction,
          chequers_serial_rivers_micro_d, minmay_tromino_mix6
D:2:      mumra_celtic_spiral_tile, layout_basic, uniq_sigmund
D:3:      cheibrodos_helix_gallery, layout_basic,
          mainiacjoe_overflow_tiny_flanked, nicolae_overflow_ecumenical_swirl,
          lemuel_zombie_altar_kikubaaqudgha, minmay_misc_feat_iff,
          minmay_checkerbox
D:6:      nicolae_whirlpool, layout_rooms, gup_sewer_entry_glass,
          columned_hall_lemuel, nicolae_half_adder

Skill      XL: |  1  2  3  4  5  6 |
---------------+-------------------+-----
Axes           | 3 4 5 |  5.2
Fighting       | 4 5 |  5.3
Armour         | 4 5 |  5.3
Shields        | 4 5 |  5.4

Action                     |  1- 3 |  4- 6 |  7- 9 || total
---------------------------+-------+-------+-------++-------
  Melee: War axe           |    56 |    88 |     8 ||   152
    Use: Potion            |       |     3 |     3 ||     6
         Scroll            |       |     3 |       ||     3
 Armour: Scale mail        |    53 |    90 |     8 ||   151
  Dodge: Dodged            |    33 |    67 |     6 ||   106
  Block: Buckler           |    11 |    33 |     1 ||    45

Table legend: (Time is in decaauts)
 A = Elapsed time spent in this place.
 B = Non-inter-level travel time spent in this place.
 C = Inter-level travel time spent in this place.
 D = Time resting spent in this place.
 E = Time spent auto-exploring this place.
 F = Levels seen in this place.
 G = Mean time per level.
                   A        B        C        D        E       F      G
               +--------+--------+--------+--------+--------+-----+--------+
         Total |   2233 |   2186 |     47 |    190 |   1486 |   4 |  558.2 |
       Dungeon |   2233 |   2186 |     47 |    190 |   1486 |   4 |  558.2 |
               +--------+--------+--------+--------+--------+-----+--------+

Top non-repeatable levels by time:
     D:2: 980 daAuts
     D:1: 856 daAuts
     D:6: 230 daAuts
     D:3: 166 daAuts
